TOP OF THE 1ST |
Kane County Cougars batting - Pitching for Hagerstown Suns : LHP Peni Keli'i
|
Pitching: LHP Peni Keli'i
|
|
Batting: RHB Francisco Gutierrez
|
0-0: Called Strike 0-1: Fly out, F8 (Flyball, 8LM, EV 89.4 MPH)
|
Batting: RHB Longfellow Wetzler
|
0-0: Called Strike 0-1: Called Strike 0-2: Strikes out looking
|
Batting: LHB J.P. Olson
|
0-0: Called Strike 0-1: Called Strike 0-2: Ground out U3 (Groundball, 34, EV 105.6 MPH)
|
Top of the 1st over - 0 runs, 0 hits, 0 errors, 0 left on base; Kane County 0 - Hagerstown 0 |
BOTTOM OF THE 1ST |
Hagerstown Suns batting - Pitching for Kane County Cougars : RHP Jai-guo Xia
|
Pitching: RHP Jai-guo Xia
|
|
Batting: RHB Bobby Bricker
|
0-0: Foul Ball, location: 2F 0-1: Called Strike 0-2: Strikes out looking
|
Batting: RHB Antonio Morado
|
0-0: Called Strike 0-1: SOLO HOME RUN (Flyball, 78XD, EV 108.1 MPH), Distance : 417 ft
|
Batting: RHB Slavik Nebrodov
|
0-0: Ball 1-0: Ball 2-0: Ball 3-0: Swinging Strike 3-1: Foul Ball, location: 2F 3-2: Ground out 3-1 (Groundball, 34, EV 96.9 MPH)
|
Batting: RHB Deshawn Boseman
|
0-0: Ball 1-0: Foul Ball, location: 2F 1-1: Foul Ball, location: 2F 1-2: Strikes out swinging
|
Bottom of the 1st over - 1 run, 1 hit, 0 errors, 0 left on base; Kane County 0 - Hagerstown 1 |
TOP OF THE 2ND |
Kane County Cougars batting - Pitching for Hagerstown Suns : LHP Peni Keli'i
|
Batting: RHB Chad Mendoza
|
0-0: Called Strike 0-1: Ground out 6-3 (Groundball, 56, EV 80.6 MPH)
|
Batting: SHB John Cummings
|
0-0: Swinging Strike 0-1: Ball 1-1: Foul Ball, location: 2F 1-2: Foul Ball, location: 2F 1-2: Ground out 5-3 (Groundball, 56S, EV 82.5 MPH)
|
Batting: RHB D.J. Cooke
|
0-0: Ground out 4-3 (Groundball, 4S, EV 82.5 MPH)
|
Top of the 2nd over - 0 runs, 0 hits, 0 errors, 0 left on base; Kane County 0 - Hagerstown 1 |
BOTTOM OF THE 2ND |
Hagerstown Suns batting - Pitching for Kane County Cougars : RHP Jai-guo Xia
|
Batting: RHB Nick Moreno
|
0-0: Called Strike 0-1: Ball 1-1: Ground out 5-3 (Groundball, 56S, EV 85.0 MPH)
|
Batting: LHB Chance McWilliams
|
0-0: Called Strike 0-1: Fly out, F9 (Flyball, 89M, EV 83.8 MPH)
|
Batting: RHB Naofumi Ishida
|
0-0: Called Strike 0-1: Ball 1-1: Ball 2-1: Ground out 2-3 (Groundball, 2R, EV 64.4 MPH)
|
Bottom of the 2nd over - 0 runs, 0 hits, 0 errors, 0 left on base; Kane County 0 - Hagerstown 1 |
TOP OF THE 3RD |
Kane County Cougars batting - Pitching for Hagerstown Suns : LHP Peni Keli'i
|
Batting: RHB Dustin Legault
|
0-0: DOUBLE (Flyball, 78XD, EV 100.0 MPH)
|
Batting: RHB Sergio Manzanero
|
0-0: Foul Ball, location: 2F 0-1: Foul Ball, location: 2F 0-2: Ball 1-2: Ball 2-2: Foul Ball, location: 2F 2-2: Foul Ball, location: 2F 2-2: Strikes out swinging
|
Batting: RHB Gary Hills
|
0-0: Ball 1-0: Ball 2-0: Foul Ball, location: 2F 2-1: Ball 3-1: Ground out 6-3 (Groundball, 6, EV 108.8 MPH)
|
Batting: RHB Francisco Gutierrez
|
0-0: Called Strike 0-1: Ball 1-1: SINGLE (Line Drive, 8RS, EV 106.9 MPH) Dustin Legault to third
|
Batting: RHB Longfellow Wetzler
|
0-0: Called Strike 0-1: Ball 1-1: Foul Ball, location: 2F 1-2: Fielders Choice at 2nd, 6-4 (Groundball, 6, EV 87.5 MPH)
|
Top of the 3rd over - 0 runs, 2 hits, 0 errors, 2 left on base; Kane County 0 - Hagerstown 1 |
BOTTOM OF THE 3RD |
Hagerstown Suns batting - Pitching for Kane County Cougars : RHP Jai-guo Xia
|
Batting: RHB John Savard
|
0-0: Ball 1-0: Ball 2-0: Ball 3-0: SINGLE (Line Drive, 3D, EV 94.4 MPH)
|
Batting: RHB Jelexiz Cuenca
|
0-0: Ball 1-0: Called Strike 1-1: Called Strike John Savard steals 2nd base (no throw) 1-2: Ball 2-2: Ball 3-2: SINGLE (Line Drive, 89M, EV 90.6 MPH) John Savard to third
|
Batting: RHB Bobby Bricker
|
0-0: Ball 1-0: Called Strike 1-1: Foul Ball, location: 2F 1-2: Strikes out swinging
|
Batting: RHB Antonio Morado
|
0-0: Fielders Choice at 2nd, 4-6 (Groundball, 4, EV 80.0 MPH) John Savard scores
|
Batting: RHB Slavik Nebrodov
|
0-0: Foul Ball, location: 2F 0-1: Called Strike 0-2: Ground out 5-3 (Groundball, 5S, EV 76.2 MPH)
|
Bottom of the 3rd over - 1 run, 2 hits, 0 errors, 1 left on base; Kane County 0 - Hagerstown 2 |
TOP OF THE 4TH |
Kane County Cougars batting - Pitching for Hagerstown Suns : LHP Peni Keli'i
|
Batting: LHB J.P. Olson
|
0-0: Ball 1-0: Ball 2-0: Ball 3-0: Base on Balls
|
Batting: RHB Chad Mendoza
|
0-0: Called Strike 0-1: Called Strike 0-2: 2-RUN HOME RUN (Flyball, 78XD, EV 100.0 MPH), Distance : 398 ft
|
Batting: SHB John Cummings
|
0-0: Ball 1-0: Foul Ball, location: 2F 1-1: Foul Ball, location: 2F 1-2: Foul Ball, location: 2F 1-2: Ground out 1-3 (Groundball, 13S, EV 70.0 MPH)
|
Batting: RHB D.J. Cooke
|
0-0: Ball 1-0: Foul Ball, location: 2F 1-1: Ball 2-1: SINGLE (Line Drive, 34D, EV 99.4 MPH)
|
Batting: RHB Dustin Legault
|
0-0: Ball 1-0: Foul Ball, location: 2F 1-1: Hit by Pitch D.J. Cooke to second
|
Batting: RHB Sergio Manzanero
|
0-0: Swinging Strike 0-1: Foul Ball, location: 2F 0-2: Ball 1-2: Strikes out swinging
|
Batting: RHB Gary Hills
|
0-0: Called Strike 0-1: Ball 1-1: Foul Ball, location: 2F 1-2: Strikes out swinging
|
Top of the 4th over - 2 runs, 2 hits, 0 errors, 2 left on base; Kane County 2 - Hagerstown 2 |
BOTTOM OF THE 4TH |
Hagerstown Suns batting - Pitching for Kane County Cougars : RHP Jai-guo Xia
|
Batting: RHB Deshawn Boseman
|
0-0: Called Strike 0-1: Foul Ball, location: 2F 0-2: Ball 1-2: Ball 2-2: Ground out 5-3 (Groundball, 5, EV 91.9 MPH)
|
Batting: RHB Nick Moreno
|
0-0: Called Strike 0-1: Ball 1-1: Ball 2-1: Ball 3-1: Base on Balls
|
Batting: LHB Chance McWilliams
|
0-0: Called Strike 0-1: Ball 1-1: Foul Ball, location: 2F 1-2: Ball 2-2: Foul Ball, location: 2F 2-2: Foul Ball, location: 2F 2-2: SINGLE (Line Drive, 6D, EV 95.6 MPH) Nick Moreno to second
|
Batting: RHB Naofumi Ishida
|
0-0: Ball 1-0: Ball 2-0: Called Strike 2-1: Foul Ball, location: 2F 2-2: Strikes out swinging
|
Batting: RHB John Savard
|
0-0: Called Strike 0-1: Ball 1-1: Swinging Strike 1-2: Ball 2-2: DOUBLE (Line Drive, 78D, EV 104.4 MPH) Nick Moreno scores Chance McWilliams to third Runner from 3rd tries for Home, SAFE, throw by CF to home
|
Batting: RHB Jelexiz Cuenca
|
0-0: Ground out 1-3 (Groundball, 13S, EV 69.4 MPH)
|
Bottom of the 4th over - 2 runs, 2 hits, 0 errors, 1 left on base; Kane County 2 - Hagerstown 4 |
TOP OF THE 5TH |
Kane County Cougars batting - Pitching for Hagerstown Suns : LHP Peni Keli'i
|
Batting: RHB Francisco Gutierrez
|
0-0: Called Strike 0-1: Called Strike 0-2: Ball 1-2: Ground out U3 (Groundball, 34, EV 83.1 MPH)
|
Batting: RHB Longfellow Wetzler
|
0-0: Ground out 1-3 (Groundball, 15S, EV 70.0 MPH)
|
Batting: LHB J.P. Olson
|
0-0: Ball 1-0: Ball 2-0: Called Strike 2-1: Called Strike 2-2: Ball 3-2: Foul Ball, location: 2F 3-2: Fly out, F8 (Flyball, 89D, EV 89.4 MPH)
|
Top of the 5th over - 0 runs, 0 hits, 0 errors, 0 left on base; Kane County 2 - Hagerstown 4 |
BOTTOM OF THE 5TH |
Hagerstown Suns batting - Pitching for Kane County Cougars : RHP Jai-guo Xia
|
Batting: RHB Bobby Bricker
|
0-0: Foul Ball, location: 2F 0-1: DOUBLE (Line Drive, 8LXD, EV 106.9 MPH)
|
Batting: RHB Antonio Morado
|
0-0: Called Strike 0-1: Fly out, F8 (Line Drive, 8RM, EV 90.0 MPH)
|
Batting: RHB Slavik Nebrodov
|
0-0: SINGLE (Line Drive, 9S, EV 96.9 MPH) Bobby Bricker to third Runner from 3rd tries for Home, throw by RF and OUT! 9-2 Slavik Nebrodov to second
|
Batting: RHB Deshawn Boseman
|
0-0: Foul Ball, location: 2F 0-1: Swinging Strike 0-2: Strikes out looking
|
Bottom of the 5th over - 0 runs, 2 hits, 0 errors, 1 left on base; Kane County 2 - Hagerstown 4 |
TOP OF THE 6TH |
Kane County Cougars batting - Pitching for Hagerstown Suns : LHP Peni Keli'i
|
Batting: RHB Chad Mendoza
|
0-0: Called Strike 0-1: DOUBLE (Line Drive, 8RXD, EV 110.6 MPH)
|
Batting: SHB John Cummings
|
0-0: Ball 1-0: Ball 2-0: Swinging Strike 2-1: Called Strike 2-2: Strikes out swinging
|
Batting: RHB D.J. Cooke
|
0-0: Ball 1-0: Foul Ball, location: 2F 1-1: Foul Ball, location: 2F 1-2: Ground out 5-3 (Groundball, 56, EV 88.8 MPH)
|
Pitching: RHP Chris Bonham
|
|
Batting: RHB Dustin Legault
|
0-0: Called Strike 0-1: Ball 1-1: Ball Wild Pitch! Chad Mendoza to third 2-1: Ball 3-1: Base on Balls
|
Batting: RHB Sergio Manzanero
|
0-0: Foul Ball, location: 2F 0-1: Called Strike 0-2: Foul Ball, location: 2F 0-2: Ball 1-2: Fly out, F8 (Line Drive, 8RM, EV 95.0 MPH)
|
Top of the 6th over - 0 runs, 1 hit, 0 errors, 2 left on base; Kane County 2 - Hagerstown 4 |
BOTTOM OF THE 6TH |
Hagerstown Suns batting - Pitching for Kane County Cougars : RHP Jai-guo Xia
|
Batting: RHB Nick Moreno
|
0-0: Swinging Strike 0-1: Swinging Strike 0-2: Strikes out swinging
|
Batting: LHB Chance McWilliams
|
0-0: Ball 1-0: Called Strike 1-1: Ball 2-1: Foul Ball, location: 2F 2-2: Strikes out swinging
|
Batting: RHB Naofumi Ishida
|
0-0: Foul Ball, location: 2F 0-1: Ball 1-1: Swinging Strike 1-2: Ball 2-2: SOLO HOME RUN (Line Drive, 78XD, EV 104.4 MPH), Distance : 417 ft
|
Pitching: LHP Jeff Haight
|
|
Batting: RHB John Savard
|
0-0: Foul Ball, location: 2F 0-1: Ball 1-1: Ground out 4-3 (Groundball, 4MS, EV 66.9 MPH)
|
Bottom of the 6th over - 1 run, 1 hit, 0 errors, 0 left on base; Kane County 2 - Hagerstown 5 |
TOP OF THE 7TH |
Kane County Cougars batting - Pitching for Hagerstown Suns : RHP Chris Bonham
|
Batting: RHB Gary Hills
|
0-0: Ball 1-0: Ball 2-0: Ground out 6-3 (Groundball, 6, EV 91.2 MPH)
|
Batting: RHB Francisco Gutierrez
|
0-0: Ground out 6-3 (Groundball, P, EV 86.2 MPH)
|
Batting: RHB Longfellow Wetzler
|
0-0: Called Strike 0-1: Called Strike 0-2: Strikes out looking
|
Top of the 7th over - 0 runs, 0 hits, 0 errors, 0 left on base; Kane County 2 - Hagerstown 5 |
BOTTOM OF THE 7TH |
Hagerstown Suns batting - Pitching for Kane County Cougars : LHP Jeff Haight
|
Batting: RHB Jelexiz Cuenca
|
0-0: Called Strike 0-1: Foul Ball, location: 2F 0-2: Ball 1-2: Ball 2-2: Foul Ball, location: 2F 2-2: Strikes out swinging
|
Batting: RHB Bobby Bricker
|
0-0: Foul Ball, location: 2F 0-1: Swinging Strike 0-2: Foul Ball, location: 2F 0-2: Strikes out looking
|
Batting: RHB Antonio Morado
|
0-0: Called Strike 0-1: Ball 1-1: Ball 2-1: Called Strike 2-2: Ball 3-2: Base on Balls
|
Batting: RHB Slavik Nebrodov
|
0-0: Fielders Choice at 2nd, 6-4 (Groundball, 6, EV 91.2 MPH)
|
Bottom of the 7th over - 0 runs, 0 hits, 0 errors, 1 left on base; Kane County 2 - Hagerstown 5 |
TOP OF THE 8TH |
Kane County Cougars batting - Pitching for Hagerstown Suns : RHP Chris Bonham
|
Now at 1B: Bobby Adams
|
|
Batting: LHB J.P. Olson
|
0-0: Ball 1-0: Ground out 6-3 (Groundball, 4M, EV 84.4 MPH)
|
Batting: RHB Chad Mendoza
|
0-0: Swinging Strike 0-1: Ball 1-1: Swinging Strike 1-2: Strikes out swinging
|
Batting: SHB John Cummings
|
0-0: Called Strike 0-1: Foul Ball, location: 2F 0-2: Ball 1-2: Strikes out swinging
|
Top of the 8th over - 0 runs, 0 hits, 0 errors, 0 left on base; Kane County 2 - Hagerstown 5 |
BOTTOM OF THE 8TH |
Hagerstown Suns batting - Pitching for Kane County Cougars : LHP Jeff Haight
|
Pitching: RHP Shigezo Shoji
|
|
Batting: RHB Deshawn Boseman
|
0-0: Ball 1-0: Called Strike 1-1: Ball 2-1: Ball 3-1: Ground out 6-3 (Groundball, 6, EV 87.5 MPH)
|
Batting: RHB Nick Moreno
|
0-0: Foul Ball, location: 2F 0-1: Swinging Strike 0-2: Strikes out swinging
|
Batting: LHB Chance McWilliams
|
0-0: Ground out 4-3 (Groundball, 4MD, EV 86.2 MPH)
|
Bottom of the 8th over - 0 runs, 0 hits, 0 errors, 0 left on base; Kane County 2 - Hagerstown 5 |
TOP OF THE 9TH |
Kane County Cougars batting - Pitching for Hagerstown Suns : RHP Chris Bonham
|
Pitching: RHP Chris Doty
|
|
Batting: RHB D.J. Cooke
|
0-0: Fly out, F8 (Flyball, 8LS, EV 75.0 MPH)
|
Batting: RHB Dustin Legault
|
0-0: Ball 1-0: Ball 2-0: Foul Ball, location: 2F 2-1: Ball 3-1: Ground out 4-3 (Groundball, 4, EV 76.2 MPH)
|
Batting: RHB Sergio Manzanero
|
0-0: Called Strike 0-1: Foul Ball, location: 2F 0-2: Ball 1-2: Foul Ball, location: 2F 1-2: Ball 2-2: Ball 3-2: SINGLE (Groundball, 56S, EV 61.9 MPH) (infield hit)
|
Batting: RHB Gary Hills
|
0-0: SINGLE (Groundball, 34D, EV 106.2 MPH) Sergio Manzanero to second
|
Batting: RHB Francisco Gutierrez
|
0-0: Ball 1-0: Fly out, F9 (Flyball, 9S, EV 84.4 MPH)
|
Top of the 9th over - 0 runs, 2 hits, 0 errors, 2 left on base; Kane County 2 - Hagerstown 5 |
|